 Dungeon Crawl Stone Soup version 0.16.2-12-gd0ad4c3 (webtiles) character file.

166390 faibistes the Eclecticist (level 17, -6/102 HPs)
             Began as a Deep Elf Wizard on Feb 20, 2019.
             Was the Champion of Sif Muna.
             Mangled by Rupert
             ... wielding a +0 battleaxe of venom
              (26 damage)
             ... on level 5 of the Spider Nest on Feb 21, 2019.
             The game lasted 02:57:01 (55841 turns).

faibistes the Eclecticist (Deep Elf Wizard)        Turns: 55841, Time: 02:57:01

Health: -6/102     AC: 15    Str:  4    XL:     17   Next: 29%
Magic:  2/56       EV: 17    Int: 36    God:    Sif Muna [******]
Gold:   41         SH:  0    Dex: 13    Spells: 11 memorised, 2 levels left

rFire  + + .     SeeInvis .     w - staff of power
rCold  x x .     Clarity  .     v - +2 robe {MR+}
rNeg   . . .     SustAb   .     (no shield)
rPois  +         Gourm    .     L - +2 hat {Int+3}
rElec  .         Spirit   .     p - +2 cloak
rCorr  .         Warding  .     b - +2 pair of gloves
rMut   .         Stasis   .     C - +2 pair of boots
MR     ++...                    q - amulet of the Exiled Blessings {Regen+ Int+2 Stlth+}
Stlth  +++.......               N - ring of poison resistance
                                o - ring of wizardry

@: lethally poisoned (-6 -> -7), immune to fire clouds, about to teleport,
deflect missiles, very resistant to hostile enchantments, fairly stealthy
A: horns 1
a: Channel Energy, Forget Spell, Renounce Religion


You were on level 5 of the Spider Nest.
You worshipped Sif Muna.
Sif Muna was exalted by your worship.
You were hungry.

You visited 6 branches of the dungeon, and saw 33 of its levels.

You collected 3797 gold pieces.
You spent 3756 gold pieces at shops.

Inventory:

Hand weapons
 Q - the +7 war axe of Fortitude {drain, rC++ Str+2 Stlth-}
   (You found it on level 3 of the Spider Nest)

   A truly terrible weapon, it drains the life of those it strikes.
   It affects your strength (+2).
   It greatly protects you from cold.
   It makes you less stealthy.
Armour
 b - a +2 pair of gloves (worn)
 p - a +2 cloak (worn)
 v - a +2 robe of magic resistance (worn)
 C - a +2 pair of boots (worn)
 L - a +2 hat of intelligence (worn)
Magical staves
 w - an uncursed staff of power (weapon)
Jewellery
 o - a ring of wizardry (left hand)
 q - the amulet of the Exiled Blessings (around neck) {Regen+ Int+2 Stlth+}
   (You bought it in a shop on level 4 of the Dungeon)

   [amulet of regeneration]

   It affects your intelligence (+2).
   It increases your rate of regeneration.
   It makes you more stealthy.
 t - the ring of Shadows {Umbra +Inv rN+ SInv}
   (You bought it in a shop on level 4 of the Dungeon)

   [ring of invisibility]

   It protects you from negative energy.
   It enhances your eyesight.
   It lets you turn invisible.
 B - an uncursed ring of magical power
 N - a ring of poison resistance (right hand)
 O - an uncursed ring of flight
 W - an uncursed amulet of resist mutation
 Y - the ring of Skegiosch {rN+ Dex+2 Stlth-}
   (You found it on level 8 of the Lair of Beasts)

   [ring of loudness]

   It affects your dexterity (+2).
   It protects you from negative energy.
   It makes you less stealthy.
Magical devices
 c - a wand of enslavement (13)
 g - a wand of disintegration (8)
 k - a wand of teleportation (4)
 y - a wand of disintegration (8)
 z - a wand of teleportation (4)
 F - a wand of disintegration (11)
 G - a wand of digging (10)
 M - a wand of teleportation (1)
 R - a wand of fire (4)
 T - a wand of fireball (4)
Scrolls
 i - 3 scrolls of fear
 l - 9 scrolls of fog
 m - a scroll of immolation
 s - 9 scrolls of teleportation
 A - 4 scrolls of identify
 E - 7 scrolls of blinking
 H - a scroll of magic mapping
 P - 7 scrolls of remove curse
 X - 8 scrolls of recharging
Potions
 a - 2 potions of resistance
 e - 16 potions of curing
 h - a potion of might
 j - 3 potions of heal wounds
 n - 2 potions of ambrosia
 r - 8 potions of brilliance
 u - 5 potions of cancellation
 I - 5 potions of restore abilities
 J - 2 potions of invisibility
 K - 3 potions of magic
 Z - 5 potions of haste
Comestibles
 d - 15 bread rations
 f - 5 fruits
 U - 9 meat rations
 V - 11 beef jerkies


   Skills:
 + Level 10.2 Fighting
 - Level 10.2 Dodging
 - Level 2.4 Stealth
 * Level 18.9 Spellcasting
 + Level 13.1 Conjurations
 - Level 12.0 Charms
   Level 3.1 Summonings
 - Level 7.1 Translocations
 - Level 3.5 Transmutations
 + Level 13.1 Fire Magic
 - Level 5.1 Air Magic
 * Level 1.0 Earth Magic
 - Level 2.1 Poison Magic
 - Level 10.2 Invocations
 - Level 9.0 Evocations


You had 2 spell levels left.
You knew the following spells:

 Your Spells              Type           Power        Failure   Level  Hunger
a - Iron Shot             Conj/Erth      ######....   4%          6    None
b - Ring of Flames        Chrm/Fire      ########..   2%          7    #......
c - Magic Dart            Conj           ####         0%          1    None
d - Blink                 Tloc           N/A          1%          2    None
e - Mephitic Cloud        Conj/Pois/Air  ######..     1%          3    None
f - Deflect Missiles      Chrm/Air       #######...   2%          6    None
h - Haste                 Chrm           #######.     1%          6    None
i - Ignite Poison         Fire/Trmt      #######...   1%          5    None
v - Bolt of Fire          Conj/Fire      ########..   1%          6    None
x - Force Lance           Conj/Tloc      #######.     1%          4    None
z - Fireball              Conj/Fire      ########..   1%          5    None


Dungeon Overview and Level Annotations

Branches:
Dungeon (12/15)            Temple (1/1) D:7            Lair (8/8) D:8
  Swamp (0/5) Lair:5       Spider (5/5) Lair:4        Slime (0/6) Lair:8
    Orc (4/4) D:11            Elf (3/3) Orc:3

Altars:
Ashenzari
Cheibriados
Dithmenos
Elyvilon
Fedhas
Gozag
Kikubaaqudgha
Makhleb
Nemelex Xobeh
Okawaru
Qazlal
Ru
Sif Muna
Trog
Vehumet
Xom
Yredelemnul
Zin
The Shining One
Beogh

Shops:
D:4 =   D:9 !   D:11 (   Orc:2 [   Orc:4 %:((

Annotations:
D:7 exclusion: ice statue
Spider:5 Rupert
Elf:2 2 runed doors


Innate Abilities, Weirdness & Mutations

You are immune to clouds of flame.
You have a pair of small horns on your head.


Message History

You are feeling hungry.
You feel sick.
Rupert is engulfed in roaring flames.
Rupert rages.
The wolf spider is engulfed in roaring flames.
The wolf spider hits you.
The wolf spider bites you but does no damage.
You feel sick.
Rupert is engulfed in roaring flames.
The wolf spider is engulfed in roaring flames.
Rupert hits you with a battleaxe of venom!
* * * LOW HITPOINT WARNING * * *
Read which item? (? for menu, Esc to quit)
As you read the scroll of teleportation, it crumbles to dust.
You feel strangely unstable.
You feel sick.
The wolf spider is engulfed in roaring flames.
The wolf spider misses you. The wolf spider closely misses you.
The wolf spider is engulfed in roaring flames.
The wolf spider hits you but does no damage.
The wolf spider closely misses you.
Rupert hits you with a battleaxe of venom!!
You die...

.....# ##^.....#...## ##...^###
.....#####......^..^.# #..^.##.#
#.^^^..[#####.....#.^######..#..^
#####.......##^^.....#.##.#..#...
#^....#.^....#.....###..^.#.....^
#............#......##....#....##
#.....####..^##...####...##..^.#^
#..#...##^..###§§###.#.^##.^.....
####....##..#.^§@§.#.....#..../..
#^^...##..#.^§@s.#....##.......
#.....#.....^.§§§#...^#...###.#
##.)...#.......§.§#..###^(...###
#.^....#.#...^....#..#.......^#
##..##.###.#.............###.##
##.../### #######...........###
#....## #...........^.# ######
#..........####


You could see Rupert (berserk) and a wolf spider.

Vanquished Creatures
  Arachne (Spider:2)
  Asterion (Spider:5)
  Kirke (Spider:3)
  Frances (Spider:4)
  Louise (Spider:5)
  A ghost moth (Spider:3)
  3 orc warlords
  4 emperor scorpions
  Gastronok (Orc:3)
  A stone giant (Orc:4)
  The ghost of faibistes the Eclecticist, a powerful DEWz of Sif Muna (Lair:8)
  A deep elf death mage (Elf:1)
  2 fire dragons (Lair:8)
  A deep elf high priest (Elf:1)
  Harold (Lair:6)
  Nessos (Elf:1)
  5 hydras
  Erica (Lair:6)
  4 dancing weapons (Elf:2)
  A death yak (Lair:7)
  7 orc high priests
  6 deep elf knights
  A fire crab (shapeshifter) (Elf:2)
  The ghost of faibistes the Thaumaturge, an experienced DEWz of Sif Muna (D:7)
  An unseen horror (D:10)
  4 hill giants (D:10)
  Erolcha (Orc:4)
  3 deep elf conjurers
  8 deep elf summoners
  A griffon (Lair:7)
  2 lindwurms (Lair:8)
  The ghost of faibistes the Thaumaturge, an experienced DEWz of Sif Muna (D:10)
  2 necromancers (Elf:1)
  12 orb spiders
  2 cyclopes (Orc:4)
  5 hornets
  4 orc knights (Orc:4)
  36 wolf spiders
  An oklob plant (Lair:7)
  A faun (shapeshifter) (Elf:1)
  6 orc sorcerers
  A manticore (D:11)
  2 black mambas
  2 moths of wrath
  20 elephants
  A centaur zombie (D:11)
  6 torpor snails
  14 spiny frogs
  An orange demon (Elf:1)
  14 demonic crawlers
  A queen ant (Spider:1)
  2 molten gargoyles (Lair:7)
  10 komodo dragons
  An elf (shapeshifter) (Elf:2)
  4 fire drakes
  A spriggan druid (Lair:7)
  24 jumping spiders
  7 deep elf priests
  3 giant leeches (Lair:8)
  4 polar bears
  A boulder beetle (Spider:4)
  Grinder (D:5)
  6 two-headed ogres
  12 trolls
  5 basilisks
  26 blink frogs
  11 trapdoor spiders
  A ynoxinul (Spider:4)
  2 ravens (Lair:8)
  A shadow (D:11)
  2 wyverns
  35 redbacks
  18 tarantellas
  11 deep elf magi
  3 spriggans (Lair:3)
  26 yaks
  6 hippogriffs
  Eustachio (D:5)
  2 hungry ghosts
  A chaos spawn (Orc:4)
  A mottled dragon (Lair:8)
  6 hogs (Spider:3)
  3 steam dragons (Lair:8)
  5 wolves
  13 deep elf fighters
  Menkaure (D:7)
  10 soldier ants (Spider:1)
  12 water moccasins
  14 porcupines
  The ghost of faibistes the Magician, an average DEWz (D:4)
  8 wargs
  58 orc warriors
  3 black bears
  An eye of draining (D:10)
  A swamp drake (Lair:8)
  3 sky beasts
  A large abomination (Elf:1)
  A black bear (shapeshifter) (Elf:2)
  28 spiders
  5 wasps
  16 ogres
  A boring beetle (Spider:4)
  3 centaurs
  2 ice beasts (D:5)
  19 crocodiles
  Duvessa (D:4)
  8 elf zombies (Elf:1)
  2 big kobolds
  4 brain worms (Lair:8)
  Blork the orc (D:6)
  15 giant frogs
  2 water moccasin zombies
  A wyvern zombie (D:7)
  5 scorpions
  18 killer bees
  5 electric eels
  7 wights
  4 crimson imps
  Dowan (D:4)
  A goliath beetle (D:6)
  5 lava snakes (Lair:7)
  7 hounds
  7 iguanas
  A giant frog zombie (D:8)
  37 orc priests
  3 centaur skeletons
  4 giant frog skeletons
  18 jellies
  35 orc wizards
  32 worker ants
  A quasit (D:10)
  4 sheep (Lair:3)
  11 hell rats
  Ijyb (D:5)
  3 worker ant zombies
  27 adders
  12 white imps (D:11)
  40 river rats
  2 shadow imps
  19 worms
  An adder skeleton (D:4)
  4 giant geckos
  An ooze (D:1)
  291 orcs
  2 ball pythons
  30 bats
  3 bat skeletons
  A bat zombie (D:5)
  5 giant cockroaches
  36 hobgoblins
  17 jackals
  2 giant cockroach zombies (D:1)
  6 giant newts
  24 goblins
  A jackal skeleton (D:4)
  44 kobolds
  16 quokkas
  50 rats
  6 ballistomycetes (D:9)
  2 bushes (Lair:4)
  3 crawling corpses (Elf:1)
  7 fungi
  6 plants
1545 creatures vanquished.

Vanquished Creatures (collateral kills)
  A porcupine (Lair:5)
  3 orc warriors
  A crocodile (Lair:5)
  2 killer bees (D:5)
  An orc wizard (Orc:3)
  An adder (D:3)
  A giant mite (D:6)
  25 orcs
  A goblin (D:3)
  3 jackals
  A rat (D:6)
40 creatures vanquished.

Vanquished Creatures (others)
  A lightning spire (Orc:4)
  A killer bee (D:10)
  4 crimson imps
  A giant mite (D:9)
  A shadow imp (D:7)
  A white imp (D:5)
  A hobgoblin (D:9)
  A giant spore (D:9)
  10 fungi
  22 plants
43 creatures vanquished.

Grand Total: 1628 creatures vanquished

Notes
Turn   | Place    | Note
--------------------------------------------------------------
     0 | D:1      | faibistes, the Deep Elf Wizard, began the quest for the Orb.
     0 | D:1      | Reached XP level 1. HP: 10/10 MP: 6/6
   342 | D:1      | Reached XP level 2. HP: 7/15 MP: 1/10
   346 | D:1      | Learned a level 2 spell: Blink
   349 | D:1      | Learned a level 2 spell: Call Imp
   542 | D:2      | Reached skill level 5 in Spellcasting
  1006 | D:1      | Reached XP level 3. HP: 16/19 MP: 12/14
  1014 | D:1      | Learned a level 3 spell: Conjure Flame
  1018 | D:1      | Learned a level 3 spell: Mephitic Cloud
  2049 | D:2      | Found a sacrificial altar of Ru.
  2168 | D:4      | Found an ancient bone altar of Kikubaaqudgha.
  2170 | D:4      | Noticed an ogre
  2182 | D:4      | Killed an ogre
  2182 | D:4      | Reached skill level 6 in Spellcasting
  2182 | D:4      | Reached XP level 4. HP: 24/24 MP: 2/18
  2182 | D:4      | Reached XP level 5. HP: 28/28 MP: 2/20
  2214 | D:4      | Learned a level 2 spell: Repel Missiles
  2314 | D:5      | Entered Level 5 of the Dungeon
  3197 | D:2      | Reached skill level 1 in Fighting
  3406 | D:4      | Found Mnoiciv's Jewellery Shop.
  3642 | D:3      | Found a blossoming altar of Fedhas.
  3925 | D:4      | Noticed Dowan
  3951 | D:5      | Reached XP level 6. HP: 24/34 MP: 12/22
  3953 | D:5      | Noticed an ice beast
  4226 | D:4      | Reached skill level 7 in Spellcasting
  4459 | D:4      | Noticed faibistes' ghost (average DEWz)
  4518 | D:4      | Killed faibistes' ghost
  4883 | D:4      | Noticed Duvessa
  4898 | D:4      | Killed Duvessa
  4898 | D:4      | Reached XP level 7. HP: 38/40 MP: 5/25
  5175 | D:4      | Killed Dowan
  5519 | D:4      | Bought an uncursed ring of magical power for 260 gold pieces
  5784 | D:5      | Found a shattered altar of Ashenzari.
  5842 | D:5      | Killed an ice beast
  5842 | D:5      | Reached skill level 8 in Spellcasting
  5870 | D:5      | Noticed Ijyb
  6209 | D:5      | Noticed an ice beast
  6217 | D:5      | Noticed Grinder
  6227 | D:5      | Killed an ice beast
  6227 | D:5      | Reached skill level 5 in Dodging
  6232 | D:5      | Paralysed by Grinder for 7 turns
  6246 | D:5      | Killed Grinder
  6246 | D:5      | Reached XP level 8. HP: 34/48 MP: 12/28
  6266 | D:5      | Reached skill level 9 in Spellcasting
  6404 | D:5      | Found an opulent altar of Gozag.
  6443 | D:5      | Noticed Eustachio
  6448 | D:5      | Killed Eustachio
  6576 | D:5      | Noticed a centaur
  6586 | D:5      | Killed a centaur
  6642 | D:5      | Killed Ijyb
  7047 | D:5      | Found a snail-covered altar of Cheibriados.
  7223 | D:5      | Reached skill level 5 in Fighting
  7326 | D:5      | Reached skill level 10 in Spellcasting
  7853 | D:6      | Noticed Blork the orc
  7928 | D:6      | Killed Blork the orc
  8172 | D:6      | Reached XP level 9. HP: 54/54 MP: 30/30
  9303 | D:7      | Reached skill level 11 in Spellcasting
  9552 | D:7      | Found a stormy altar of Qazlal.
  9671 | D:7      | Noticed Menkaure
  9687 | D:7      | Killed Menkaure
  9783 | D:7      | Noticed faibistes' ghost (experienced DEWz)
  9799 | D:7      | Killed faibistes' ghost
  9925 | D:7      | Found a staircase to the Ecumenical Temple.
  9930 | Temple   | Entered the Ecumenical Temple
 10298 | D:7      | Noticed an ice statue
 10444 | D:7      | Reached skill level 12 in Spellcasting
 10561 | D:8      | Found a basalt altar of Yredelemnul.
 10636 | D:8      | Found a burning altar of Makhleb.
 10963 | D:8      | Found a staircase to the Lair.
 11013 | D:9      | Found Ajir's Distillery.
 11194 | D:9      | Reached XP level 10. HP: 63/63 MP: 33/33
 11771 | D:8      | Found a deep blue altar of Sif Muna.
 11772 | D:8      | Found a white marble altar of Elyvilon.
 11778 | D:8      | Became a worshipper of Sif Muna the Loreminder
 12540 | D:9      | Reached skill level 1 in Air Magic
 12551 | D:9      | Reached skill level 1 in Fire Magic
 12765 | D:10     | Entered Level 10 of the Dungeon
 12783 | D:10     | Reached skill level 1 in Poison Magic
 12788 | D:10     | Acquired Sif Muna's first power
 13229 | D:10     | Noticed a hill giant
 13236 | D:10     | Killed a hill giant
 13397 | D:10     | Reached skill level 13 in Spellcasting
 13949 | D:9      | Reached skill level 1 in Charms
 13982 | D:9      | Acquired Sif Muna's second power
 14168 | D:9      | Found a basalt altar of Yredelemnul.
 14172 | D:9      | Noticed a profane servitor
 14176 | D:9      | Found a glowing golden altar of the Shining One.
 14177 | D:9      | Noticed an angel
 14542 | D:10     | Noticed faibistes' ghost (experienced DEWz)
 14547 | D:10     | Killed faibistes' ghost
 14547 | D:10     | Reached skill level 1 in Invocations
 14664 | D:10     | Noticed a hill giant
 14744 | D:10     | Killed a hill giant
 14744 | D:10     | Reached skill level 5 in Conjurations
 14744 | D:10     | Reached skill level 1 in Evocations
 14744 | D:10     | Reached XP level 11. HP: 40/67 MP: 25/34
 15019 | D:10     | Noticed a hill giant
 15300 | D:10     | Killed a hill giant
 15852 | D:10     | Noticed a hill giant
 15866 | D:10     | Killed a hill giant
 16422 | Lair:1   | Entered Level 1 of the Lair of Beasts
 18046 | Lair:1   | Reached skill level 5 in Fire Magic
 18447 | Lair:2   | Learned a level 5 spell: Fireball
 18504 | Lair:3   | Got a jewelled falchion
 18773 | Lair:2   | Reached skill level 14 in Spellcasting
 19504 | Lair:2   | Learned a level 5 spell: Lightning Bolt
 19596 | Lair:2   | Identified the +7 falchion of the Five Beds {holy, +Inv +Fly MP-9 Int+5} (You found it on level 3 of the Lair of Beasts)
 19753 | Lair:3   | Reached skill level 5 in Charms
 19762 | Lair:3   | Reached XP level 12. HP: 73/73 MP: 6/36
 20022 | Lair:4   | Acquired Sif Muna's third power
 21148 | Lair:6   | Noticed Erica
 21155 | Lair:6   | Killed Erica
 21155 | Lair:6   | Reached skill level 5 in Invocations
 21200 | Lair:6   | Noticed Harold
 21374 | Lair:6   | Noticed a six-headed hydra
 21378 | Lair:6   | Killed a six-headed hydra
 21380 | Lair:6   | Killed Harold
 22014 | Lair:4   | Reached skill level 5 in Air Magic
 22564 | Lair:4   | Noticed a five-headed hydra
 22569 | Lair:4   | Killed a five-headed hydra
 22627 | Lair:4   | Found a hole to the Spider Nest.
 22993 | Lair:5   | Found a snail-covered altar of Cheibriados.
 23351 | Lair:5   | Found a staircase to the Swamp.
 23960 | Lair:7   | Reached XP level 13. HP: 71/78 MP: 37/37
 23963 | Lair:7   | Reached skill level 10 in Dodging
 23963 | Lair:7   | Reached skill level 15 in Spellcasting
 24694 | Lair:7   | Learned a level 6 spell: Deflect Missiles
 24702 | Lair:7   | Learned a level 6 spell: Haste
 25081 | Lair:8   | Entered Level 8 of the Lair of Beasts
 25090 | Lair:8   | Reached skill level 5 in Translocations
 25096 | Lair:7   | Received a gift from Sif Muna
 25104 | Lair:7   | Identified Sif Muna's Catalogue of Conjuration (Sif Muna gifted it to you on level 7 of the Lair of Beasts)
 25835 | Lair:8   | Reached skill level 5 in Evocations
 26088 | Lair:8   | Found a staircase to the Slime Pits.
 27270 | Lair:7   | Got a jewelled glaive
 27271 | Lair:7   | Identified the cursed +2 glaive of Yxitek {flame, -Tele rPois rF- rN+ Int+4} (You found it on level 7 of the Lair of Beasts)
 28065 | Lair:8   | Reached XP level 14. HP: 53/84 MP: 8/38
 29006 | Lair:8   | Got a crude steel ring
 29008 | Lair:8   | Identified the ring of Skegiosch {rN+ Dex+2 Stlth-} (You found it on level 8 of the Lair of Beasts)
 29167 | Lair:8   | Found a runed door.
 29183 | Lair:8   | Noticed faibistes' ghost (powerful DEWz)
 29197 | Lair:8   | Killed faibistes' ghost
 30555 | Lair:8   | Received a gift from Sif Muna
 30555 | Lair:8   | Reached skill level 16 in Spellcasting
 30565 | Lair:8   | Learned a level 4 spell: Summon Lightning Spire
 31187 | D:4      | Bought the amulet of the Exiled Blessings {Regen+ Int+2 Stlth+} for 572 gold pieces
 31187 | D:4      | Bought the ring of Shadows {Umbra +Inv rN+ SInv} for 590 gold pieces
 31400 | D:10     | Noticed an unseen horror
 31404 | D:10     | Killed an unseen horror
 31945 | D:11     | Noticed a manticore
 31947 | D:11     | Killed a manticore
 32348 | D:11     | Found Klaip's Weapon Shop.
 32349 | D:11     | Found a staircase to the Orcish Mines.
 32882 | Orc:1    | Entered Level 1 of the Orcish Mines
 33101 | Orc:2    | Noticed an orc warlord
 33268 | Orc:2    | Killed an orc warlord
 34219 | Orc:3    | Noticed Gastronok
 34232 | Orc:3    | Killed Gastronok
 34507 | Orc:4    | Entered Level 4 of the Orcish Mines
 34792 | Orc:2    | Found Uxi Simalurch's Armour Shoppe.
 35108 | Orc:3    | Found a staircase to the Elven Halls.
 35657 | Orc:3    | You fall through a shaft!
 35827 | Orc:4    | Noticed Erolcha
 35833 | Orc:4    | Killed Erolcha
 36506 | Orc:3    | Reached skill level 10 in Fire Magic
 37789 | Orc:4    | Found a roughly hewn altar of Beogh.
 37796 | Orc:4    | Found Aseovues' Food Boutique.
 37802 | Orc:4    | Found Caenesch's Book Shop.
 37836 | Orc:4    | Bought a book of Fire for 1040 gold pieces
 37842 | Orc:4    | Learned a level 5 spell: Ignite Poison
 38432 | Orc:4    | Reached skill level 1 in Transmutations
 38435 | Orc:4    | Noticed an orc warlord
 38868 | Orc:3    | Learned a level 6 spell: Bolt of Fire
 38886 | Orc:4    | Killed an orc warlord
 39207 | Orc:4    | Found a roughly hewn altar of Beogh.
 39242 | Orc:4    | Reached XP level 15. HP: 90/90 MP: 19/40
 39411 | Orc:4    | Found Waggul's Antique Weapon Shop.
 39715 | Orc:4    | Found Xunkyeppehyi's Antique Weapon Boutique.
 39781 | Orc:4    | Noticed an orc warlord
 40416 | Orc:4    | Killed an orc warlord
 40416 | Orc:4    | Reached skill level 10 in Conjurations
 40828 | Orc:4    | Received a gift from Sif Muna
 40830 | Orc:4    | Identified Sif Muna's Collected Works on the Traveller (Sif Muna gifted it to you on level 4 of the Orcish Mines)
 40836 | Orc:4    | Learned a level 4 spell: Force Lance
 41256 | Orc:4    | Reached skill level 10 in Invocations
 42077 | Lair:2   | Learned a level 7 spell: Ring of Flames
 42284 | Elf:1    | Entered Level 1 of the Elven Halls
 42341 | Elf:1    | Noticed Nessos
 42343 | Elf:1    | Killed Nessos
 43161 | Elf:1    | Reached skill level 17 in Spellcasting
 43348 | Elf:1    | Identified the Catalogue of Darkness
 44203 | Elf:3    | Entered Level 3 of the Elven Halls
 44237 | Elf:2    | Reached skill level 10 in Charms
 44322 | Elf:2    | Found a runed door.
 44378 | Elf:2    | Found a runed door.
 45551 | Spider:1 | Entered Level 1 of the Spider Nest
 45746 | Spider:1 | Reached XP level 16. HP: 96/96 MP: 2/41
 45967 | Spider:1 | Received a gift from Sif Muna
 45968 | Spider:1 | Identified Sif Muna's Advanced Steps in Sorcery (Sif Muna gifted it to you on level 1 of the Spider Nest)
 47892 | Spider:3 | Got an ichor-stained war axe
 47893 | Spider:3 | Identified the +7 war axe of Fortitude {drain, rC++ Str+2 Stlth-} (You found it on level 3 of the Spider Nest)
 48373 | Spider:3 | Noticed Kirke
 48378 | Spider:3 | Killed Kirke
 48933 | D:9      | Bought a potion of beneficial mutation for 490 gold pieces
 48933 | D:9      | Bought a potion of degeneration for 14 gold pieces
 48933 | D:9      | Gained mutation: You have a pair of small horns on your head. [potion of beneficial mutation]
 48935 | D:9      | Bought a potion of heal wounds for 70 gold pieces
 49326 | Spider:2 | Noticed Arachne
 49334 | Spider:2 | Killed Arachne
 49385 | Spider:2 | Reached skill level 18 in Spellcasting
 49739 | Spider:2 | Got a steaming war axe
 49740 | Spider:2 | Identified the cursed -2 war axe of Broken Luck {chop, *Rage Dex+9 SInv Stlth-} (You found it on level 2 of the Spider Nest)
 50663 | Spider:4 | Received a gift from Sif Muna
 50665 | Spider:4 | Identified Sif Muna's Collected Works on Enhancements and Weightlessness (Sif Muna gifted it to you on level 4 of the Spider Nest)
 50978 | Spider:5 | Entered Level 5 of the Spider Nest
 52533 | Spider:4 | Noticed Frances
 52540 | Spider:4 | Killed Frances
 53920 | Spider:5 | Reached XP level 17. HP: 101/101 MP: 42/42
 53932 | Spider:5 | Noticed Asterion
 53939 | Spider:5 | Killed Asterion
 53939 | Spider:5 | Reached skill level 10 in Fighting
 54318 | Spider:5 | Noticed Louise
 54323 | Spider:5 | Killed Louise
 54878 | Spider:5 | Received a gift from Sif Muna
 54879 | Spider:5 | Identified Sif Muna's Reference Book on Torrid Attacks (Sif Muna gifted it to you on level 5 of the Spider Nest)
 54884 | Spider:5 | Noticed Rupert
 55297 | Orc:4    | Bought a book of Power for 720 gold pieces
 55304 | Orc:4    | Learned a level 6 spell: Iron Shot
 55805 | Spider:5 | Reached skill level 1 in Earth Magic
 55841 | Spider:5 | Mangled by Rupert

Action                   |  1- 3 |  4- 6 |  7- 9 | 10-12 | 13-15 | 16-18 || total
-------------------------+-------+-------+-------+-------+-------+-------++-------
Melee: Short sword       |     5 |     6 |    40 |       |       |       ||    51
       Staff             |       |       |       |   113 |    35 |     6 ||   154
 Cast: Magic Dart        |   108 |   170 |   440 |   604 |    35 |       ||  1357
       Call Imp          |     3 |     2 |    12 |       |       |       ||    17
       Conjure Flame     |     1 |     8 |    22 |    80 |    42 |       ||   153
       Mephitic Cloud    |     1 |     4 |    35 |    61 |     9 |       ||   110
       Repel Missiles    |       |     2 |     3 |     1 |       |       ||     6
       Blink             |       |       |     4 |    12 |    24 |       ||    40
       Fireball          |       |       |       |   113 |   610 |    51 ||   774
       Lightning Bolt    |       |       |       |    27 |   178 |       ||   205
       Deflect Missiles  |       |       |       |       |     5 |       ||     5
       Bolt of Fire      |       |       |       |       |   115 |   154 ||   269
       Summon Lightning  |       |       |       |       |     8 |       ||     8
       Haste             |       |       |       |       |     4 |       ||     4
       Force Lance       |       |       |       |       |    17 |    49 ||    66
       Ignite Poison     |       |       |       |       |     8 |   129 ||   137
       Ring of Flames    |       |       |       |       |     5 |    15 ||    20
Invok: Channel Energy    |       |       |       |    13 |   125 |    38 ||   176
       Forget Spell      |       |       |       |       |     5 |       ||     5
 Abil: Evoke Invisibilit |       |       |       |       |       |     1 ||     1
Evoke: Wand              |       |       |     1 |     5 |     2 |       ||     8
  Use: Scroll            |       |     7 |     9 |    24 |    10 |     3 ||    53
       Potion            |       |       |     1 |     5 |     1 |     3 ||    10
 Stab: Confused          |       |       |     2 |       |       |       ||     2
       Sleeping          |       |       |       |     1 |     1 |       ||     2
  Eat: Chunk             |     4 |     7 |    18 |    40 |    82 |    36 ||   187
       Fruit             |       |       |     2 |     3 |     1 |     3 ||     9
       Pizza             |       |       |       |       |     4 |       ||     4
